 Dungeon Crawl Stone Soup version 0.27.0-1-g7a089689b8 (webtiles) character file.

Game seed: 2883754009180757953

8187 mhtbhm the Cleaver (level 11, -9/100 HPs)
             Began as a Minotaur Berserker on Aug 1, 2021.
             Was a High Priest of Trog.
             Shot with a bolt by a yaktaur (15 damage)
             ... on level 10 of the Dungeon.
             The game lasted 00:12:05 (11570 turns).

mhtbhm the Cleaver (Minotaur Berserker)            Turns: 11570, Time: 00:12:06

Health: -9/100     AC:  7    Str: 24    XL:     11   Next: 6%
Magic:  10/10      EV: 14    Int:  4    God:    Trog [*****.]
Gold:   618        SH:  5    Dex: 11    Spells: 10/10 levels left

rFire    . . .     SeeInvis .   a - +1 battleaxe (vamp)
rCold    . . .     Faith    .   (shield currently unavailable)
rNeg     . . .     Spirit   .   b - +1 steam dragon scales
rPois    .         Reflect  +   (helmet restricted)
rElec    .         Harm     .   (no cloak)
rCorr    .         Rampage  .   (no gloves)
Will     .....                  (no boots)
Stlth    +.........             F - amulet of reflection
HPRegen  0.26/turn              (no ring)
MPRegen  0.12/turn              (no ring)

@: no status effects
A: horns 2, retaliatory headbutt
a: Renounce Religion, Berserk, Trog's Hand, Brothers in Arms


You were on level 10 of the Dungeon.
You worshipped Trog.
Trog was extremely pleased with you.
You visited 1 branch of the dungeon, and saw 10 of its levels.
You also visited: Sewer and Ossuary.

You collected 618 gold pieces.

Inventory:

Hand Weapons
 a - a +1 vampiric battleaxe (weapon)
Missiles
 p - 3 curare-tipped darts
 q - a throwing net (quivered)
Armour
 b - +1 steam dragon scales (worn)
Jewellery
 F - an amulet of reflection (around neck)
Wands
 m - a wand of flame (15)
 s - a wand of polymorph (5)
 B - a wand of acid (21)
 D - a wand of paralysis (3)
Scrolls
 c - 2 scrolls of blinking
 f - 2 scrolls of immolation
 h - 3 scrolls of summoning
 l - 2 scrolls of fear
 n - 3 scrolls of brand weapon
 o - 3 scrolls of silence
 u - 3 scrolls of enchant weapon
 v - 3 scrolls of holy word
 w - a scroll of fog {unknown}
 x - a scroll of noise {unknown}
 y - 3 scrolls of teleportation
 E - a scroll of magic mapping
Potions
 d - a potion of haste
 e - 3 potions of curing
 g - a potion of flight
 i - 6 potions of heal wounds
 j - a potion of ambrosia {unknown}
 k - 2 potions of attraction
 r - 4 potions of degeneration {unknown}
 t - 3 potions of resistance
 z - 3 potions of invisibility {unknown}
 A - 2 potions of berserk rage {unknown}
 C - a potion of lignification {unknown}


   Skills:
 + Level 10.2 Fighting
 + Level 14.2 Axes
 + Level 7.8 Armour
 + Level 7.5 Dodging
 - Level 0.2 Stealth
 + Level 0.1 Shields
 + Level 1.1 Evocations


You had 10 spell levels left.
You didn't know any spells.
Your spell library was empty.

Dungeon Overview and Level Annotations

Branches:
Dungeon (10/15)            Temple (0/1) D:7            Lair (0/6) D:8
  Sewer (visited)         Ossuary (visited)
    Orc: D:9-12

Altars:
Cheibriados
Fedhas
Makhleb
Okawaru
Qazlal
Ru
Sif Muna
Vehumet
Wu Jian
Yredelemnul
Zin
Beogh

Shops:
D:1 ?


Innate Abilities, Weirdness & Mutations

You have a pair of horns on your head.
You reflexively headbutt those who attack you in melee.


Message History

No target in view!
No target in view!
No target in view!
No target in view!
No target in view!
No target in view!
No target in view!
No target in view!
Things that are here:
a +0 club; an orc corpse
Things that are here:
a +0 flail; a +0 ring mail; 12 stones You open the door.
There is an open door here.
You open the door.
Found a pair of gloves.
There is an open door here.
You now have 618 gold pieces (gained 3).
A yaktaur comes into view.
The yaktaur shouts!
You hear a shout!
The yaktaur wields a +0 arbalest.
The yaktaur shoots a bolt.
The bolt hits you!!
A yaktaur comes into view.
The yaktaur shouts!
You hear a shout!
A yaktaur comes into view.
A yaktaur comes into view.
The yaktaur shouts! x2
The yaktaur wields a +0 arbalest.
The yaktaur shoots a bolt.
The bolt hits you!!
The yaktaur wields a +0 arbalest.
The yaktaur shoots a bolt.
The bolt hits you!
You are too injured to fight recklessly!
Unknown command.
The yaktaur shoots a bolt.
The bolt hits you!
* * * LOW HITPOINT WARNING * * *
The yaktaur shoots a bolt.
The bolt hits you!!
* * * LOW HITPOINT WARNING * * *
The yaktaur shoots a bolt.
You reflect the bolt off an invisible shield around you!
The bolt hits the yaktaur!!
The yaktaur shoots a bolt.
The bolt hits you!
You die...

# ######################
.....c..................
....c#..........#..##...
....cc.@...........##...
....#####......###......
. #...#.#....# ######.
#...#......# #.
#...#...#### #. .
#...##### #. ...
#...##.# ###
.###'#####......#
#.#.#..
....(...####'#######
#...#..


You could see 4 yaktaurs.

Vanquished Creatures
  A two-headed ogre (D:8)
  2 unseen horrors (D:10)
  A troll (D:8)
  Prince Ribbit (D:7)
  A hornet (D:7)
  2 wyverns
  13 yaks
  2 steam dragons (D:8)
  A naga (D:6)
  3 swamp worms (D:7)
  A water moccasin (D:8)
  Duvessa (D:7)
  A sky beast (D:8)
  3 orc warriors
  3 ogres
  4 centaurs
  Blork the orc (D:6)
  4 elf zombies (Ossuary)
  3 kobold brigands
  2 bullfrogs
  Dowan (D:7)
  2 scorpions
  6 killer bees (D:8)
  3 wights (D:8)
  A howler monkey (D:7)
  A bullfrog zombie (D:6)
  8 centaur zombies
  2 hounds
  A bullfrog skeleton (D:5)
  2 centaur skeletons
  An orc priest (D:4)
  3 human zombies (Ossuary)
  A gnoll shaman (D:9)
  An iguana (D:7)
  4 orc wizards
  3 mummies (Ossuary)
  16 gnolls
  A howler monkey skeleton (D:6)
  7 adders
  3 river rats (Sewer)
  3 shadow imps
  A white imp (D:6)
  An adder skeleton (D:4)
  A worm (D:2)
  4 dart slugs
  18 orcs
  5 endoplasms
  5 giant cockroaches
  4 goblins
  7 hobgoblins
  5 jackals
  20 kobolds
  2 quokkas (D:1)
  5 ball pythons
  6 bats
  7 frilled lizards
  6 rats
217 creatures vanquished.

Vanquished Creatures (others)
  A worm (D:3)
  16 fungi (D:9)
  15 plants
32 creatures vanquished.

Grand Total: 249 creatures vanquished

Notes
Turn   | Place    | Note
-------+----------+-------------------------------------------
     0 | D:1      | mhtbhm the Minotaur Berserker began the quest for the Orb.
     0 | D:1      | Reached XP level 1. HP: 19/19 MP: 0/0
   203 | D:1      | Found Naty's Magic Scroll Shop.
   308 | D:1      | Reached XP level 2. HP: 26/27 MP: 1/1
   348 | D:1      | Reached skill level 4 in Axes
   611 | D:1      | Found a faded altar of an unknown god.
   819 | D:1      | Reached XP level 3. HP: 33/33 MP: 2/2
  1326 | D:2      | Reached ** piety under Trog
  1495 | D:2      | Reached XP level 4. HP: 41/41 MP: 3/3
  1551 | D:2      | Found an iron altar of Okawaru.
  1940 | D:2      | You fall into a shaft and drop 2 floors!
  1953 | D:4      | Reached XP level 5. HP: 47/47 MP: 4/4
  1956 | D:4      | Reached skill level 5 in Axes
  2200 | D:3      | Found a radiant altar of Vehumet.
  2334 | D:3      | Found a glowing drain.
  2345 | Sewer    | Entered a sewer
  2353 | Sewer    | Reached skill level 5 in Fighting
  2581 | Sewer    | Reached XP level 6. HP: 32/56 MP: 5/5
  3030 | Sewer    | Found a white marble altar of Elyvilon.
  3401 | D:3      | Found an ornate altar of the Wu Jian Council.
  3559 | D:3      | Reached skill level 6 in Axes
  3559 | D:3      | Reached skill level 5 in Armour
  3559 | D:3      | Reached *** piety under Trog
  3683 | D:3      | Reached XP level 7. HP: 18/61 MP: 6/6
  4092 | D:3      | Found an iron altar of Okawaru.
  4836 | D:5      | Entered Level 5 of the Dungeon
  4910 | D:5      | Found a glowing silver altar of Zin.
  5792 | D:5      | Found a burning altar of Makhleb.
  5912 | D:6      | Reached skill level 7 in Axes
  5930 | D:6      | Noticed Blork the orc
  5936 | D:6      | Killed Blork the orc
  6059 | D:6      | Noticed Maggie
  6064 | D:6      | Noticed Maggie
  6064 | D:6      | Maggie changed into Maggie the naga
  6067 | D:6      | Killed Maggie the naga
  6068 | D:6      | Reached XP level 8. HP: 70/70 MP: 7/7
  6512 | D:6      | Found a stormy altar of Qazlal.
  6771 | D:6      | Reached skill level 8 in Axes
  7029 | D:7      | Noticed Duvessa
  7029 | D:7      | Noticed Dowan
  7029 | D:7      | Noticed a hornet
  7038 | D:7      | Killed Duvessa
  7041 | D:7      | Killed Dowan
  7044 | D:7      | Killed a hornet
  7045 | D:7      | Reached skill level 9 in Axes
  7045 | D:7      | Reached skill level 5 in Dodging
  7051 | D:7      | Found a staircase to the Ecumenical Temple.
  7057 | D:7      | Noticed Prince Ribbit
  7074 | D:7      | Killed Prince Ribbit
  7074 | D:7      | Reached **** piety under Trog
  7105 | D:7      | Found a snail-covered altar of Cheibriados.
  7161 | D:7      | Reached XP level 9. HP: 74/79 MP: 8/8
  7327 | D:7      | Found a sand-covered staircase.
  7337 | Ossuary  | Entered an ossuary
  7354 | Ossuary  | Reached skill level 1 in Evocations
  7423 | Ossuary  | Reached skill level 10 in Axes
  8027 | D:7      | Found a sacrificial altar of Ru.
  8336 | D:7      | Reached skill level 11 in Axes
  8343 | D:7      | Identified the +8 great sword "Lufilagh" {flame, rPois
                  | rCorr Str-2 Dex+5}
  8553 | D:8      | Noticed a two-headed ogre
  8563 | D:8      | Killed a two-headed ogre
  8564 | D:8      | Reached XP level 10. HP: 49/90 MP: 9/9
  8811 | D:8      | Reached skill level 12 in Axes
  9002 | D:8      | Reached ***** piety under Trog
  9297 | D:8      | Reached skill level 13 in Axes
  9492 | D:8      | Found a staircase to the Lair.
  9928 | D:9      | Found a shimmering blue altar of Sif Muna.
 10060 | D:9      | Reached skill level 14 in Axes
 10145 | D:9      | Found a blossoming altar of Fedhas.
 10152 | D:9      | Reached skill level 10 in Fighting
 10591 | D:9      | Found a basalt altar of Yredelemnul.
 10915 | D:10     | Entered Level 10 of the Dungeon
 10977 | D:10     | Reached XP level 11. HP: 38/99 MP: 10/10
 11422 | D:10     | Found a snail-covered altar of Cheibriados.
 11570 | D:10     | Shot with a bolt by a yaktaur

Illustrated notes

Levels and vault maps discovered:
D:1:      onia_arrival_mini_spirals, layout_loops_ring,
          hellmonk_ecumenical_altar_defaced_shrine, serial_shops, shop
D:2:      minmay_chambers_of_twos, layout_basic, basic_altar
D:3:      layout_loops_cross, nzn_wu_jian_council_hall, fiery_altar_vehumet,
          mainiacjoe_overflow_alcove_1, portal_sewer_entry_d
D:4:      layout_cave_pools, minmay_strange_pillars, nrook_campfire,
          hangedman_decor_points, serial_park_tiny_2
D:5:      layout_loops_corners, old_standard_altar, lightli_temple_of_fire,
          serial_park_tiny_1, minivault_4
D:6:      layout_basic, mainiacjoe_overflow_small_starburst, uniq_blork_the_orc,
          uniq_maggie
D:7:      layout_loops_ring, amcnicky_altar_gilded, nicolae_ru_path_of_blood,
          minmay_temple_entry_grid, nicolae_ossuary_entry_ruins, worms_lemuel,
          uniq_prince_ribbit1, uniq_duvessa
D:8:      layout_basic, lair_entry_dummy, hangedman_decor_lopped, dk_vineyard_2,
          kennysheep_generic_room_4
D:9:      layout_loops_ring, mainiacjoe_overflow_cross_hatched,
          mainiacjoe_overflow_24_doors, lemuel_zombie_altar_yredelemnul
D:10:     layout_stronghold, nicolae_hepliaklqana_hazy_memory,
          mainiacjoe_overflow_catwalk, hangedman_feature_mirror

Skill      XL: |  1  2  3  4  5  6  7  8  9 10 |
---------------+-------------------------------+-----
Fighting       | 4 5 6 7 8 10 | 10.2
Axes           | 4 5 6 7 9 11 14 | 14.2
Dodging        | 3 4 5 6 7 |  7.5
Armour         | 3 4 5 6 7 |  7.8
Evocations     | 1 |  1.1
Stealth        | |  0.2
Shields        | |  0.1

Action                   |  1- 3 |  4- 6 |  7- 9 | 10-12 || total
-------------------------+-------+-------+-------+-------++-------
Melee: Hand axe          |    76 |    98 |    67 |       ||   241
       Headbutt          |    17 |    17 |    49 |    39 ||   122
       War axe           |       |       |   129 |       ||   129
       Battleaxe         |       |       |    15 |   151 ||   166
Invok: Berserk           |     1 |     4 |     6 |     2 ||    13
Evoke: Wand              |       |     1 |     3 |       ||     4
  Use: Scroll            |       |     5 |    10 |     1 ||    16
       Potion            |       |     1 |     1 |       ||     2
 Stab: Sleeping          |       |       |       |     1 ||     1
Armor: Leather armour    |     5 |       |       |       ||     5
       Ring mail         |    14 |    29 |    20 |       ||    63
       Steam dragon scal |       |       |    46 |    50 ||    96
Dodge: Dodged            |    58 |    63 |   156 |    97 ||   374
Block: Other             |       |       |       |     7 ||     7
       Reflection        |       |       |       |     1 ||     1
